 Dungeon Crawl Stone Soup version 0.21-a0-440-g28109cb (webtiles) character file.

264 Ijustatesigmund the Sneak (level 6, -7/43 HPs)
             Began as an Octopode Artificer on Nov 10, 2017.
             Was an Initiate of Okawaru.
             Mangled by an ice beast (11 damage)
             ... on level 2 of the Dungeon.
             The game lasted 00:08:16 (3099 turns).

Ijustatesigmund the Sneak (Octopode Artificer)      Turns: 3099, Time: 00:08:16

Health: -7/43      AC:  1    Str: 11    XL:     6   Next: 19%
Magic:  8/8        EV: 14    Int: 15    God:    Okawaru [......]
Gold:   178        SH:  0    Dex: 13    Spells: 5/5 levels left

rFire    . . .     SeeInvis .   e - +3 rapier
rCold    . . .     Gourm    .   (no shield)
rNeg     . . .     Faith    .   (helmet restricted)
rPois    .         Spirit   .   (no amulet)
rElec    .         Reflect  .   (no ring)
rCorr    .         Harm     .   (no ring)
MR       .....                  (no ring)
Stlth    ++++......             (no ring)
HPRegen  0.14/turn              (no ring)
MPRegen  0.11/turn              (no ring)
                                (no ring)
                                (no ring)

@: no status effects
A: almost no armour, stealthy swim, amphibious, 8 rings, constrict 8, camouflage
1, gelatinous body 1
a: Renounce Religion


You were on level 2 of the Dungeon.
You worshipped Okawaru.
Okawaru was noncommittal.
You were hungry.

You visited 1 branch of the dungeon, and saw 4 of its levels.
You also visited: Sewer.

You collected 178 gold pieces.

Inventory:

Hand Weapons
 a - a +0 short sword
 e - a +3 rapier (weapon)
Wands
 b - a wand of flame (15/48)
 c - a wand of enslavement (17/24)
 d - a wand of random effects (15/48)
Potions
 g - 3 potions of flight {unknown}
 h - 2 potions of agility
 k - a potion of heal wounds
 l - a potion of resistance {unknown}
Comestibles
 f - 2 bread rations
 i - a royal jelly
 j - 3 meat rations
 n - 4 fruits


   Skills:
 - Level 4.0 Fighting
 + Level 1.0 Short Blades
 - Level 3.5 Dodging
 - Level 4.3 Stealth
 + Level 0.6 Invocations
 + Level 3.4 Evocations


You had 5 spell levels left.
You didn't know any spells.

Dungeon Overview and Level Annotations

Branches:
Dungeon (4/15)
 Temple: D:4-7

Altars:
Okawaru


Innate Abilities, Weirdness & Mutations

You cannot wear most types of armour.
You are very stealthy in the water. (Stealth+)
You are amphibious.
You can wear up to eight rings at the same time.
You can use your tentacles to constrict eight enemies at once.
Your skin changes colour to match your surroundings (Stealth+).
Your rubbery body absorbs attacks. (AC +1, EV +1)


Message History

Unknown command.
You feel much better. The ice beast hits you. The ice beast freezes you!
Evoke which item? (* to show all) (? for menu, Esc to quit)
Aiming: Enslavement
Press: ? - help, Shift-Dir - straight line, f - ice beast
Aim: an ice beast (lightly wounded, chance to defeat MR: 56%)
The ice beast resists with significant effort.
This wand has 18 charges left.
The ice beast hits you.
* * * LOW HITPOINT WARNING * * *
The ice beast freezes you.
* * * LOW HITPOINT WARNING * * *
Evoke which item? (* to show all) (? for menu, Esc to quit)
Aiming: Enslavement
Press: ? - help, Shift-Dir - straight line, f/p - ice beast
Aim: an ice beast (lightly wounded, chance to defeat MR: 56%)
The ice beast resists with significant effort.
This wand has 17 charges left.
The ice beast hits you.
* * * LOW HITPOINT WARNING * * *
The ice beast freezes you!
You die...

#.# #..# #.## #.#
#######..### #.##
#.# ...........#
#.## #.#
#######..#># #.##
#.# #..#.# #.##
#.# #..#.# # #.#
#..#.. #
#.##########..###
# #......Y@.....#
# ############.##
# #....# ##.####
##########
#...#####.........
#.#.........######
#...#####.### #
##.## #.# # #.#
#.# #


You could see an ice beast.

Vanquished Creatures
  A centaur (D:2)
  An orc priest (D:3)
  An orc wizard (D:3)
  An adder (D:2)
  3 gnolls (D:2)
  An ooze (D:2)
  3 worms
  4 dart slugs
  5 leopard geckos
  2 orcs (D:3)
  5 giant cockroaches
  5 goblins
  5 hobgoblins
  11 jackals
  10 kobolds
  A quokka (D:2)
  6 bats
  3 frilled lizards
  A jackal zombie (D:1)
  A leopard gecko zombie (D:1)
  2 rats
72 creatures vanquished.

Vanquished Creatures (others)
  2 orcs (D:3)
2 creatures vanquished.

Grand Total: 74 creatures vanquished

Notes
Turn   | Place    | Note
-------+----------+-------------------------------------------
     0 | D:1      | Ijustatesigmund the Octopode Artificer began the quest for the Orb.
     0 | D:1      | Reached XP level 1. HP: 13/13 MP: 3/3
   209 | D:1      | Reached XP level 2. HP: 19/19 MP: 4/4
   752 | D:2      | Reached XP level 3. HP: 22/25 MP: 5/5
  1101 | D:2      | Reached XP level 4. HP: 32/33 MP: 6/6
  1725 | D:2      | Noticed a centaur
  1745 | D:2      | Killed a centaur
  1745 | D:2      | Reached XP level 5. HP: 19/37 MP: 7/7
  2075 | D:2      | Noticed an ice beast
  2326 | D:3      | Reached XP level 6. HP: 12/43 MP: 8/8
  2524 | D:3      | Found an iron altar of Okawaru.
  2533 | D:3      | Became a worshipper of Warmaster Okawaru
  2635 | D:3      | Found a glowing drain.
  2678 | Sewer    | Entered a sewer
  2727 | Sewer    | Noticed Purgy
  3030 | D:4      | Noticed a phantom
  3099 | D:2      | Mangled by an ice beast

Vault maps used:
D:1:      saegor_arrival_fortress
D:3:      okawaru_gym_becter, portal_sewer_entry_f
D:4:      first_bread
Sewer:    kennysheep_door_sewer

Skill      XL: |  1  2  3  4  5 |
---------------+----------------+-----
Fighting       | 2 3 4 |  4.0
Dodging        | 3 |  3.5
Stealth        | 3 4 |  4.3
Short Blades   | |  1.0
Invocations    | |  0.6
Evocations     | |  3.4

Action                   |  1- 3 |  4- 6 || total
-------------------------+-------+-------++-------
Melee: Short sword       |    60 |   109 ||   169
       Constrict         |    18 |    25 ||    43
       Tentacles         |     9 |    20 ||    29
       Rapier            |       |    12 ||    12
Evoke: Wand              |       |     7 ||     7
  Use: Scroll            |     4 |     5 ||     9
       Potion            |       |     6 ||     6
 Stab: Sleeping          |     7 |    16 ||    23
  Eat: Chunk             |       |     6 ||     6
Armor: Skin              |     8 |     9 ||    17
Dodge: Dodged            |    32 |    82 ||   114

Table legend:
 A = Spawn XP
 B = Non-spawn XP
 C = Spawn XP percentage of total XP
 D = Spawn monster count
 E = Non-spawn monster count
 F = Spawn count percentage of total count
 G = Total turns spent on level
                    A         B        C        D         E        F      G
               +---------+---------+-------+---------+---------+-------+---------
         Total |       0 |     378 |   0.0 |       0 |      72 |   0.0 |  3099
               +---------+---------+-------+---------+---------+-------+---------
           D:1 |       0 |      30 |   0.0 |       0 |      17 |   0.0 |   838
           D:2 |       0 |     221 |   0.0 |       0 |      28 |   0.0 |  1314
           D:3 |       0 |     120 |   0.0 |       0 |      22 |   0.0 |   822
         Sewer |       0 |       7 |   0.0 |       0 |       5 |   0.0 |   120
               +---------+---------+-------+---------+---------+-------+---------
